 Dungeon Sprint DCSS version 0.21.2 (webtiles) character file.

81 Fang the Skirmisher (level 4, -1/32 HPs)
             Began as a Gargoyle Berserker on Oct 23, 2018.
             Was a High Priest of Trog.
             Slain by a gnoll
             ... wielding a +0 flail
              (5 damage)
             ... in the Dungeon (Sprint VII: "The Pits").
             The game lasted 00:00:30 (324 turns).

Fang the Skirmisher (Gargoyle Berserker)             Turns: 324, Time: 00:00:31

Health: -1/32      AC:  5    Str: 21    XL:     4   Next: 42%
Magic:  4/4        EV: 12    Int:  8    God:    Trog [*****.]
Gold:   0          SH:  0    Dex:  9    Spells: 3/3 levels left

rFire    . . .     SeeInvis .   j - +2 hand axe
rCold    . . .     Gourm    .   (no shield)
rNeg     + . .     Faith    .   b - +0 animal skin
rPois    ∞         Spirit   .   (no helmet)
rElec    +         Reflect  .   (no cloak)
rCorr    .         Harm     .   (no gloves)
MR       .....     NoTele   +   (no boots)
Stlth    +.........             (no amulet)
HPRegen  0.10/turn              (no ring)
MPRegen  0.09/turn              (no ring)

@: berserk cooldown, slowed, very slow
A: negative energy resistance 1, electricity resistance, unbreathing,
petrification resistance, rot immunity, AC +3
a: Berserk, Trog's Hand, Brothers in Arms, Burn Spellbooks, Renounce Religion


You were in the Dungeon.
You worshipped Trog.
Trog was extremely pleased with you.
You were not hungry.

You visited 1 branch

Inventory:

Hand Weapons
 j - a +2 hand axe (weapon)
Armour
 b - a +0 animal skin (worn)
Scrolls
 i - a scroll of blinking
 k - 3 scrolls of remove curse
 l - a scroll of summoning
Potions
 a - 2 potions of invisibility
 d - a potion of curing
 e - a potion of heal wounds
 f - a potion of haste
 g - 4 potions of magic
 h - 3 potions of berserk rage
Comestibles
 c - 9 rations


   Skills:
 + Level 6.2 Fighting
 + Level 5.8 Axes
 + Level 3.1 Armour
 + Level 2.9 Dodging


You had 3 spell levels left.
You didn't know any spells.

Dungeon Overview and Level Annotations

Branches:
Dungeon (1/1)

Altars:
Cheibriados
Dithmenos
Elyvilon
Fedhas
Gozag
Hepliaklqana
Makhleb
Nemelex Xobeh
Okawaru
Qazlal
Ru
Sif Muna
Trog
Wu Jian
Xom
Yredelemnul
Zin
The Shining One
Jiyva


Innate Abilities, Weirdness & Mutations

You are resistant to torment.
Your stone body is resilient. (AC +3)
You are immune to poison.
You resist negative energy. (rN+)
You are resistant to electric shocks. (rElec)
You can survive without breathing.
You are immune to petrification.
You are immune to rotting.


Message History

The orc priest is severely wounded.
You are no longer berserk.
You are exhausted.
You feel yourself slow down.
The orc priest looks satisfied for a moment.
You closely miss the orc priest.
The orc priest is severely wounded.
You slash the gnoll! The orc priest barely misses you.
The gnoll hits you with a flail.
* * * LOW HITPOINT WARNING * * *
Unknown command.
You slash the orc priest!
You kill the orc priest!
Trog accepts your kill.
Your Fighting skill increases to level 6!
You have reached level 4!
You feel clever.
You hit the gnoll. The gnoll barely misses you. The gnoll misses you.
The gnoll hits you with a flail.
You die...

#..........÷'.........
#+#####'#####......#..
#..#).# #.........
#..'..# ####'#####
#..#### #.......#
#..#..# #.......#
#..#..# #.......#
##'#..#+###...<...#
#))@.....##.......#
#..g.....##.......#
###########.......#
#########


You could see a gnoll.

Vanquished Creatures
  2 orc priests (D)
  An adder skeleton (D)
  2 orcs (D)
  A ball python (D)
  8 jackals (D)
  2 quokkas (D)
  A bat (D)
  A kobold (D)
18 creatures vanquished.

Notes
Turn   | Place    | Note
-------+----------+-------------------------------------------
     0 | D        | Fang the Gargoyle Berserker began the quest for the Orb.
     0 | D        | Reached XP level 1. HP: 14/14 MP: 1/1
    24 | D        | Reached ** piety under Trog
    24 | D        | Reached skill level 4 in Fighting
   115 | D        | Found a bloodstained altar of Trog.
   115 | D        | Found a deep blue altar of Sif Muna.
   115 | D        | Found a viscous altar of Jiyva.
   115 | D        | Found a hazy altar of Hepliaklqana.
   115 | D        | Found an opulent altar of Gozag.
   116 | D        | Found a glowing golden altar of the Shining One.
   116 | D        | Found a glowing silver altar of Zin.
   116 | D        | Found a basalt altar of Yredelemnul.
   116 | D        | Found a shimmering altar of Xom.
   116 | D        | Found an ornate altar of the Wu Jian Council.
   116 | D        | Found a sacrificial altar of Ru.
   116 | D        | Found a stormy altar of Qazlal.
   116 | D        | Found an iron altar of Okawaru.
   116 | D        | Found a sparkling altar of Nemelex Xobeh.
   116 | D        | Found a burning altar of Makhleb.
   116 | D        | Found a blossoming altar of Fedhas.
   116 | D        | Found a white marble altar of Elyvilon.
   116 | D        | Found a shadowy altar of Dithmenos.
   116 | D        | Found a snail-covered altar of Cheibriados.
   163 | D        | Reached XP level 2. HP: 14/20 MP: 2/2
   265 | D        | Reached *** piety under Trog
   314 | D        | Reached **** piety under Trog
   318 | D        | Reached skill level 5 in Fighting
   318 | D        | Reached XP level 3. HP: 10/26 MP: 3/3
   318 | D        | Reached skill level 5 in Axes
   318 | D        | Reached ***** piety under Trog
   323 | D        | Reached skill level 6 in Fighting
   323 | D        | Reached XP level 4. HP: 4/32 MP: 4/4
   324 | D        | Slain by a gnoll

Skill      XL: |  1  2  3 |
---------------+----------+-----
Axes           | 3 4 5 |  5.8
Fighting       | 4 5 6 |  6.2
Dodging        | 2 |  2.9
Armour         | 3 |  3.1

Action                   |  1- 3 |  4- 6 || total
-------------------------+-------+-------++-------
Melee: Hand axe          |    40 |       ||    40
Invok: Berserk           |     1 |       ||     1
Armor: Animal skin       |    15 |       ||    15
Dodge: Dodged            |    21 |     2 ||    23
